 Dungeon Crawl Stone Soup version 0.31-a0-986-g5e6e4ef867 (webtiles) character file.

Game seed: 5015347166962166208

60 2FriedEggs the Changeling (level 3, -3/18 HPs)
             Began as a Demigod Shapeshifter on Nov 15, 2023.
             Slain by a gnoll
             ... wielding a +0 flail
              (6 damage)
             ... on level 2 of the Dungeon.
             The game lasted 00:03:03 (1393 turns).

2FriedEggs the Changeling (Demigod Shapeshifter)    Turns: 1393, Time: 00:03:03

Health: -3/18      AC:  2    Str: 19    XL:     3   Next: 55%
Magic:  5/5        EV: 12    Int: 12    God:
Gold:   68         SH:  0    Dex: 13    Spells: 2/2 levels left

rFire   . .          .
                       - Unarmed
rCold   . . .        h - melded +2 buckler
rNeg    . . .        a - +0 animal skin
rPois   .            (no helmet)
rElec   .            (no cloak)
rCorr   .            (no gloves)
SInv    .            (no boots)
Will    .....        (no amulet)
Stlth   +            (no ring)
HPRegen 0.23/turn    (no ring)
MPRegen 0.09/turn

%: no passive effects
@: flux-form, glowing
A: glow, contaminating, reduced hp, high MP 1, forlorn, divine attributes
a: Begin Untransformation


You were on level 2 of the Dungeon.
You were something dangerously unstable.
You visited 1 branch of the dungeon, and saw 2 of its levels.

You collected 68 gold pieces.

Inventory:

Missiles
 k - 2 throwing nets
Armour
 a - a +0 animal skin (worn)
 h - a +2 buckler (melded)
Talismans
 c - a beast talisman
 d - a flux talisman (active)
Scrolls
 i - 2 scrolls of teleportation {unknown}
Potions
 b - a potion of lignification
 e - a potion of haste {unknown}
 f - 3 potions of heal wounds {unknown}
 g - a potion of might {unknown}
 j - a potion of curing {unknown}


   Skills:
 + Level 1.5 Fighting
 - Level 1.7 Dodging
 + Level 3.2 Unarmed Combat
 * Level 3.5 Shapeshifting


You had 2 spell levels left.
You didn't know any spells.
Your spell library was empty.

Dungeon Overview and Level Annotations

Branches:
Dungeon (2/15)


Innate Abilities, Weirdness & Mutations

You are something dangerously unstable.
You glow with magical radiation, making you easy to see and hit.
Foes you strike become dangerously contaminated with magical radiation.
Your maximum health is decreased, since you lack skill for your form.
You are incapable of wielding weapons or throwing items.
You have an increased reservoir of magic. (+10% MP)
You shall have no god before yourself.
Your divine heritage dramatically boosts your attributes as you level up.


Message History

The gnoll hits you but does no damage.
There is a stone staircase leading up here.
You barely miss the gnoll. The gnoll hits you with a +0 club.
You hit the gnoll.
The gnoll begins to glow.
The gnoll is lightly wounded.
You hit the gnoll.
The gnoll glows dangerously bright.
The gnoll is lightly wounded.
The gnoll misses you.
You hit the gnoll.
The gnoll shudders as magic cascades through it!
You kill the gnoll!
You start resting.
HP restored.
k - a throwing net You see here an adder corpse.
k - 2 throwing nets (gained 1)
You now have 68 gold pieces (gained 8).
A gnoll comes into view. It is wielding a +0 flail.
A gnoll is nearby!
A gnoll is nearby!
A gnoll is nearby!
A gnoll comes into view. It is wielding a +0 whip.
The gnoll shouts!
The gnoll closely misses you.
You barely miss the gnoll. The gnoll hits you but does no damage.
You hit the gnoll but do no damage.
The gnoll begins to glow.
A gnoll comes into view.
It is wielding a +2 flail of holy wrath.
The gnoll hits you with a +0 flail. The gnoll closely misses you.
You hit the gnoll.
The gnoll glows dangerously bright.
The gnoll is lightly wounded.
The gnoll hits you with a +0 flail!
Ouch! That really hurt!
* * * LOW HITPOINT WARNING * * *
The gnoll completely misses you.
You hit the gnoll.
The gnoll shudders as magic cascades through it.
The gnoll twists and deforms.
The gnoll is severely wounded.
The gnoll hits you with a +0 flail.
You die...

......................
###...........##....##)
.......................
##........##.....####.
#.........+.....# #.
####.........#...#.# #.
#............#####.# #.
#..................# #.
#.?....p#.##.#####.####.
#.....gg#.# ... #......
#######.#.# ###.###.###.
#g#.# #........... #.#
##..###.#.#. ..# ..
#..... ### ######


You could see 3 gnolls.

Vanquished Creatures
  A gnoll (D:2)
  2 adders (D:2)
  A worm (D:2)
  2 dart slugs
  2 endoplasms
  2 giant cockroaches
  2 goblins (D:1)
  2 hobgoblins (D:2)
  3 quokkas (D:1)
  3 bats
  3 frilled lizards
  2 kobolds
  2 rats
27 creatures vanquished.

Notes
Turn   | Place    | Note
-------+----------+-------------------------------------------
     0 | D:1      | 2FriedEggs the Demigod Shapeshifter began the quest for the
                  | Orb.
     0 | D:1      | Reached XP level 1. HP: 15/15 MP: 3/3
   444 | D:1      | Reached XP level 2. HP: 22/22 MP: 4/4
   696 | D:1      | Reached skill level 1 in Fighting
  1159 | D:2      | Reached XP level 3. HP: 26/28 MP: 5/5
  1393 | D:2      | Slain by a gnoll

Illustrated notes

Levels and vault maps discovered:
D:1:      roderic_chinese_lattice_arrival, layout_basic
D:2:      layout_basic, ebering_ecumenical_altar_webs

Skill      XL: |  1  2 |
---------------+-------+-----
Shapeshifting  | 3 |  3.5
Fighting       | 1 |  1.5
Unarmed Combat | 3 |  3.2
Dodging        | |  1.7

Action                     || total
---------------------------++-------
  Melee: Unarmed           ||   103
         Punch             ||     1
   Stab: Sleeping          ||     1
 Armour: Animal skin       ||    52
  Dodge: Dodged            ||    42
  Block: Buckler           ||    13
   Form: Flux              ||     1

Table legend: (Time is in decaauts)
 A = Elapsed time spent in this place.
 B = Non-inter-level travel time spent in this place.
 C = Inter-level travel time spent in this place.
 D = Time resting spent in this place.
 E = Time spent auto-exploring this place.
 F = Levels seen in this place.
 G = Mean time per level.
                   A        B        C        D        E       F      G
               +--------+--------+--------+--------+--------+-----+--------+
         Total |   1392 |   1355 |     37 |    130 |    953 |   2 |  696.0 |
       Dungeon |   1392 |   1355 |     37 |    130 |    953 |   2 |  696.0 |
               +--------+--------+--------+--------+--------+-----+--------+

Top non-repeatable levels by time:
     D:1: 893 daAuts
     D:2: 499 daAuts
